Map: Ley Lines

Players

aledubai

  • Race: Protoss Protoss
  • League: Silver
  • Spawn Location: 7:00

ManlyManMeat - Winner!

  • Race: Zerg Zerg
  • Spawn Location: 1:00

VOD

Have the link to the VOD?

Description

Time

  • Played on: May 14, 2025, 5:03 p.m.
  • Length: 16:14
Show
View Real Time Build Order
Export as new Build Order

aledubai Protoss 

Build Orders: Oracle Opening, Colossus Rush 

Get SALT Encoding   

  1  0:00  Probe  
  12  0:06  Probe  
  14  0:15  Probe  
  15  0:23  Pylon  
  15  0:44  Gateway  
  15  0:47  Forge  
  15  0:48  Probe  
  16  0:58  Probe, Assimilator  
  17  1:06  Probe  
  18  1:14  Probe  
  19  1:26  Probe  
  20  1:32  Cybernetics Core  
  20  1:38  Pylon, Probe  
  21  1:44  Pylon  
  21  1:49  Assimilator  
  21  1:50  Probe  
  22  2:02  Probe  
  23  2:19  Stargate  
  23  2:25  Photon Cannon  
  23  2:26  Probe  
  24  2:35  Stalker  
  24  2:39  Robotics Facility  
  25  3:08  Oracle  
  25  3:12  Probe  
  28  3:24  Probe  
  29  3:32  Photon Cannon  
  29  3:34  Observer  
  29  3:39  Shield Battery  
  30  3:44  Nexus  
  30  3:45  Probe  
  31  3:57  Probe  
  31  4:00  Photon Cannon  
  32  4:07  Phoenix  
  32  4:09  Probe  
  30  4:57  Phoenix  
  32  5:02  Robotics Bay  
  32  5:04  Probe  
  32  5:08  Probe  
  32  5:12  Probe  
  34  5:15  Immortal  
  34  5:16  Probe  
  40  5:22  Probe  
  40  5:26  Probe, Photon Cannon  
  41  5:31  Shield Battery  
  41  5:34  Probe  
  43  5:38  Probe  
  44  5:45  Colossus  
  44  5:46  Probe  
  45  5:50  Probe  
  45  5:55  Probe  
  52  6:02  Probe  
  54  6:15  Pylon  
  54  6:21  Pylon  
  54  6:23  Photon Cannon  
  54  6:27  Photon Cannon  
  54  6:33  Probe x2  
  54  6:34  Phoenix  
  54  6:38  Extended Thermal Lance  
  54  6:39  Pylon  
  58  6:45  Probe  
  59  6:47  Colossus  
  65  6:57  Pylon  
  65  6:58  Probe  
  66  7:02  Pylon  
  66  7:10  Probe  
  67  7:21  Pylon  
  67  7:22  Assimilator  
  67  7:26  Probe, Assimilator  
  68  7:38  Probe  
  69  7:47  Colossus  
  69  7:50  Phoenix, Probe  
  78  8:04  Photon Cannon  
  78  8:06  Nexus  
  78  8:10  Photon Cannon  
  78  8:12  Shield Battery  
  78  8:16  Photon Cannon  
  78  8:19  Pylon  
  78  8:22  Photon Cannon  
  78  8:25  Shield Battery  
  78  8:28  Photon Cannon  
  78  8:31  Photon Cannon  
  78  8:35  Pylon  
  78  8:36  Shield Battery  
  78  8:48  Fleet Beacon  
  78  8:50  Twilight Council  
  67  9:15  Probe  
  67  9:22  Phoenix  
  67  9:23  Probe  
  70  9:25  Probe  
  70  9:29  Cybernetics Core  
  72  9:32  Probe  
  72  9:33  Probe  
  74  9:40  Probe  
  74  9:42  Observer  
  76  9:47  Phoenix  
  76  9:48  Probe  
  76  9:51  Forge  
  79  9:55  Forge  
  79  9:59  Observer  
  79  10:00  Probe x2  
  79  10:02  Photon Cannon  
  82  10:12  Phoenix, Probe x2  
  86  10:17  Observer  
  86  10:18  Photon Cannon  
  87  10:24  Probe  
  88  10:33  Probe  
  88  10:35  Assimilator  
  88  10:41  Probe  
  89  10:44  Assimilator  
  89  10:48  Probe  
  91  10:51  Phoenix, Probe  
  94  11:00  Probe  
  94  11:03  Probe  
  96  11:09  Disruptor  
  100  11:12  Probe  
  100  11:15  Probe, Protoss Shields Level 1  
  100  11:16  Phoenix, Protoss Ground Weapons Level 1  
  100  11:18  Protoss Ground Armor Level 1  
  104  11:24  Probe x2  
  105  11:26  Protoss Air Weapons Level 1  
  105  11:28  Protoss Air Armor Level 1  
  105  11:32  Probe  
  107  11:41  Phoenix, Probe  
  91  11:58  Disruptor  
  89  12:06  Tempest  
  89  12:23  Probe  
  90  12:32  Probe  
  91  12:41  Probe  
  92  12:45  Stargate  
  92  12:50  Dark Shrine  
  92  12:53  Probe  
  93  13:05  Probe  
  94  13:09  Pylon  
  94  13:13  Pylon  
  94  13:17  Pylon  
  94  13:21  Pylon  
  94  13:25  Pylon  
  94  13:26  Tempest  
  94  13:27  Probe  
  99  13:31  Tempest  
  103  13:34  Probe  
  103  13:39  Probe  
  105  13:42  Probe  
  106  13:51  Probe x2  
  108  14:03  Probe  
  108  14:04  Probe  
  108  14:05  Dark Templar  
  112  14:14  Stargate  
  112  14:15  Tempest  
  112  14:16  Probe  
  117  14:22  Stargate  
  123  14:39  Unknown, Anion Pulse-Crystals  
  123  14:44  Dark Templar  
  6  15:38  Nexus  
  6  15:41  Pylon  
  6  15:44  Pylon  
  6  15:48  Pylon  
Show
View Real Time Build Order
Export as new Build Order

ManlyManMeat Zerg - Winner!

Build Orders: Pool First, Swarm Host 

Get SALT Encoding   

  12  0:08  Overlord  
  12  0:13  Drone  
  13  0:16  Drone  
  14  0:26  Drone  
  15  0:38  Drone  
  16  0:44  Spawning Pool  
  16  0:49  Extractor  
  14  0:50  Drone  
  14  0:54  Drone  
  16  1:14  Hatchery  
  15  1:21  Drone  
  15  1:23  Drone  
  17  1:36  Drone x2  
  19  1:49  Queen  
  19  1:53  Zergling x2  
  22  2:01  Overlord  
  22  2:08  Metabolic Boost  
  22  2:20  Drone  
  23  2:29  Queen  
  25  2:31  Queen  
  25  2:34  Drone  
  25  2:36  Drone  
  29  2:50  Drone x4  
  33  3:01  Drone x3  
  36  3:11  Overlord x2  
  35  3:22  Lair  
  35  3:34  Hatchery  
  34  3:47  Zergling x16  
  42  3:54  Evolution Chamber  
  41  3:56  Drone, Evolution Chamber  
  41  4:03  Drone x3  
  34  4:49  Drone x14  
  48  4:57  Infestation Pit  
  47  5:01  Extractor  
  47  5:02  Extractor  
  47  5:03  Extractor  
  44  5:08  Drone x3  
  44  5:09  Queen  
  49  5:15  Zergling x16  
  49  5:19  Zerg Melee Weapons Level 1  
  49  5:20  Zerg Ground Armor Level 1  
  57  5:29  Drone  
  57  5:31  Overlord x4  
  57  5:35  Extractor  
  57  5:36  Extractor  
  56  6:08  Zergling x4  
  56  6:09  Zergling x14  
  65  6:16  Drone x3  
  65  6:17  Spire  
  67  6:40  Hive  
  67  6:47  Drone x6  
  69  6:48  Drone x2, Hatchery  
  74  6:55  Hatchery  
  74  6:56  Drone x4  
  74  6:58  Overlord x2  
  77  7:34  Mutalisk  
  77  7:35  Mutalisk x4  
  87  7:41  Zerg Melee Weapons Level 2, Zerg Ground Armor Level 2  
  87  7:52  Ultralisk Cavern  
  86  8:05  Drone x4  
  89  8:06  Drone x5  
  89  8:08  Drone  
  89  8:09  Drone x4  
  100  8:19  Ultralisk Cavern  
  99  8:28  Zergling x8  
  103  8:48  Drone x2  
  100  8:49  Drone x2  
  100  8:50  Drone x9  
  100  8:53  Overlord x7  
  100  8:54  Overlord  
  97  9:09  Extractor  
  88  9:10  Extractor  
  93  9:17  Ultralisk x5  
  93  9:20  Corruptor  
  93  9:21  Corruptor  
  121  9:36  Chitinous Plating  
  121  9:45  Anabolic Synthesis  
  121  9:48  Zergling x48  
  145  10:02  Ultralisk  
  145  10:03  Ultralisk  
  157  10:07  Corruptor  
  159  10:14  Extractor  
  159  10:16  Extractor  
  157  10:24  Drone x2  
  159  10:33  Ultralisk x2  
  171  10:35  Mutalisk  
  171  10:39  Overlord x9  
  173  10:47  Zerg Melee Weapons Level 3  
  173  10:57  Overseer x2  
  173  11:03  Adrenal Glands, Zerg Ground Armor Level 3  
  173  11:17  Ultralisk  
  165  11:54  Corruptor x11  
  174  12:22  Swarm Host x8  
  198  12:34  Hatchery  
  198  12:36  Hatchery  
  196  12:38  Hatchery  
  195  12:53  Greater Spire  
  195  13:11  Hatchery  
  193  13:43  Zerg Missile Weapons Level 1  
  193  13:53  Ultralisk  
  199  14:08  Burrow  
  185  14:54  Ultralisk x2  
Tags
 
Composition
Swarm Host
League
Silver
Matchup
PvZ
Replay Pack
Multiplayer
Spawn Locations
Cross Positions
Add a new tag
Caveats
  • Supply blocks, unpowered buildings, or Contaminate may cause inaccurate times.
  • Supply counts are checked every 10 seconds.